 Dungeon Crawl Stone Soup version 0.25-a0-108-gda8bd6cf83 (webtiles) character file.

Game seed: 3029180798658163845, levelgen mode: deterministic

11553 RedPan the Zephyrmancer (level 11, -12/84 HPs)
             Began as a Black Draconian Ice Elementalist on Nov 17, 2019.
             Was an Elder of Vehumet.
             Mangled by a spiny frog (14 damage)
             ... on level 2 of the Lair of Beasts.
             The game lasted 00:37:09 (16081 turns).

RedPan the Zephyrmancer (DrIE)                     Turns: 16081, Time: 00:37:09

Health: -12/84     AC: 12    Str: 10    XL:     11   Next: 50%
Magic:  1/24       EV: 18    Int: 21    God:    Vehumet [****..]
Gold:   601        SH:  0    Dex: 10    Spells: 14/28 levels left

rFire    . . .     SeeInvis .   c - +1 trident (venom)
rCold    + . .     Gourm    .   (no shield)
rNeg     . . .     Faith    .   (armour unavailable)
rPois    .         Spirit   .   (helmet restricted)
rElec    +         Reflect  .   i - +0 cloak
rCorr    .         Harm     .   d - +1 pair of gloves
MR       .....     Rnd*Rage +   j - +1 pair of boots
Stlth    ++........             (no amulet)
HPRegen  0.24/turn              h - +3 ring of evasion
MPRegen  0.19/turn              u - ring of protection from cold

@: lethally poisoned (-12 -> -22)
A: breathe lightning, unfitting armour, antennae 1, berserk 1, clever 1, clumsy
1, electricity resistance, cold-blooded, AC +7
a: Breathe Lightning, Renounce Religion


You were on level 2 of the Lair of Beasts.
You worshipped Vehumet.
Vehumet was greatly pleased with you.
You were not hungry.

You visited 2 branches of the dungeon, and saw 14 of its levels.

You collected 601 gold pieces.

Inventory:

Hand Weapons
 c - a +1 trident of venom (weapon)
Armour
 d - a +1 pair of gloves (worn)
 i - a +0 cloak (worn)
 j - a +1 pair of boots (worn)
 o - a +0 shield
Jewellery
 h - a +3 ring of evasion (left hand)
 t - a +2 ring of strength
 u - a ring of protection from cold (right hand)
 y - an uncursed ring of resist corrosion
 B - an uncursed ring of magical power
 E - an uncursed ring of stealth {unknown}
Wands
 k - a wand of disintegration (14)
 s - a wand of flame (10)
 v - a wand of polymorph (6)
 A - a wand of scattershot (8)
Scrolls
 a - 3 scrolls of immolation
 e - 7 scrolls of remove curse
 f - 2 scrolls of magic mapping
 g - a scroll of enchant weapon
 l - 2 scrolls of enchant armour
 n - 2 scrolls of identify
 r - 2 scrolls of teleportation
 z - a scroll of fog
Potions
 m - 2 potions of mutation
 p - 4 potions of flight
 q - 3 potions of agility
 w - a potion of berserk rage
 x - 3 potions of might
 C - a potion of brilliance
Comestibles
 b - 24 rations


   Skills:
 - Level 4.0 Fighting
 + Level 3.8 Polearms
 + Level 7.0 Dodging
 - Level 1.7 Stealth
 - Level 9.3 Spellcasting
 - Level 5.1 Conjurations
 - Level 5.0 Summonings
 - Level 6.0 Ice Magic
 + Level 10.4 Air Magic


You had 14 spell levels left.
You knew the following spells:

 Your Spells              Type           Power        Failure   Level  Hunger
a - Freeze                Ice            ####         1%          1    None
b - Summon Ice Beast      Ice/Summ       ####....     7%          4    ##.....
c - Throw Icicle          Conj/Ice       ####....     1%          4    ##.....
d - Shock                 Conj/Air       ####         1%          1    None
e - Airstrike             Air            ######....   1%          4    ##.....

Your spell library contained the following spells:

 Spells                   Type           Power        Failure   Level  Hunger
 Lightning Bolt           Conj/Air       #####.....   2%          5    #####..
 Summon Butterflies       Summ           ####....     1%          1    None
 Throw Frost              Conj/Ice       ####..       1%          2    None
 Ozocubu's Armour         Chrm/Ice       ###.....     6%          3    None
 Apportation              Tloc           #.....       7%          1    None
 Beastly Appendage        Tmut           #.....       7%          1    None
 Sticks to Snakes         Tmut           #.......     11%         2    None
 Ice Form                 Ice/Tmut       ###.....     21%         4    ##.....
 Lesser Beckoning         Tloc           #.........   22%         3    None
 Spider Form              Tmut/Pois      #.........   22%         3    None
 Tukima's Dance           Hex            #.......     22%         3    None
 Alistair's Intoxication  Tmut/Pois      #.......     89%         5    #####..
 Blade Hands              Tmut           #.........   89%         5    #####..
 Invisibility             Hex            #.......     100%        6    ######.


Dungeon Overview and Level Annotations

Branches:
Dungeon (11/15)            Temple (0/1) D:7            Lair (3/6) D:8
 Spider (0/4) Lair:2
  Swamp: Lair:2-4    Shoals: Lair:2-4       Orc: D:9-12

Altars:
Dithmenos
Makhleb
Qazlal
Trog
Uskayaw
Vehumet
Wu Jian
The Shining One

Shops:
D:6 (


Innate Abilities, Weirdness & Mutations

You can breathe wild blasts of lightning.
Your glossy black scales are hard. (AC +7)
You cannot fit into any form of body armour.
You are resistant to electric shocks. (rElec)
You are cold-blooded and may be slowed by cold attacks.
You have a pair of small antennae on your head.
You tend to lose your temper in combat.
Your mind is acute. (Int +2)
You are clumsy. (Dex -2)


Message History

Okay, then.
Really quaff the potion of mutation?
You feel extremely strange.
You feel a little pissed off. A pair of antennae grows on your head!
You feel clumsy.
You feel clever.
* * * LOW HITPOINT WARNING * * *
You feel sick. The spiny frog barely misses you.
Okay, then.
Okay, then.
Evoke which item? (* to show all) (? for menu, Esc to quit)
Okay, then.
Casting: Summon Ice Beast (safe; 7% risk of failure)
Confirm with . or Enter, or press ? or * to list all spells.
Okay, then.
Casting: Summon Ice Beast (safe; 7% risk of failure)
Confirm with . or Enter, or press ? or * to list all spells.
A chill wind blows around you.
* * * LOW HITPOINT WARNING * * *
You feel sick. The spiny frog stings you!
You die...

......##.##....>........#######..
P##.P.####≈≈≈≈...≈≈≈...## ##.
##.....#P..≈≈.≈.≈.≈≈..P# ##.
##.........≈.≈≈.≈≈.≈.P## ##..
.#..........≈≈≈.≈≈≈.### #.#.
...............P...## ###.
.#P.................# #.
.##............PF#.## #.
.###............@### #.
..####...........# #. .###
#........Y..#### #.
...###..............## ##.
#...##...........P...# #..
##..P##...........##+### ##.
##..#.......>..##.....## ##.
##..#........##.......## ##..
#.#.............#.##...# #.#.


You could see a spiny frog and a friendly ice beast.

Vanquished Creatures
  A two-headed ogre (D:8)
  A polar bear (D:9)
  A jumping spider (Lair:2)
  Grinder (D:3)
  Prince Ribbit (Lair:1)
  6 hippogriffs
  A dream sheep (D:8)
  4 yaks
  An ice beast (D:5)
  An orc warrior (D:10)
  A phantom (D:10)
  2 black bears (D:9)
  2 wolves
  2 ogres
  A centaur (D:5)
  2 bullfrogs
  A big kobold (D:8)
  A wight (D:10)
  7 crimson imps
  A hound (D:5)
  A jelly (D:5)
  An orc priest (D:5)
  6 orc wizards
  2 centaur skeletons
  A bullfrog skeleton (D:9)
  Terence (D:3)
  5 iguanas
  6 worker ants
  2 worker ant zombies
  8 gnolls
  8 adders
  4 shadow imps
  An adder zombie (D:5)
  2 worms
  8 leopard geckos
  19 orcs
  6 giant cockroaches
  6 goblins
  10 hobgoblins
  6 jackals
  7 kobolds
  3 quokkas
  A ball python (D:2)
  17 bats
  A frilled lizard (D:2)
  2 jackal zombies
  10 rats
182 creatures vanquished.

Vanquished Creatures (collateral kills)
  2 hydras
  A manticore (D:9)
  A torpor snail (Lair:2)
  3 spiny frogs
  A komodo dragon (Lair:1)
  4 blink frogs (Lair:1)
  4 hippogriffs
  2 dream sheep
  15 yaks
  Eustachio (D:6)
  A hungry ghost (D:10)
  A steam dragon (Lair:3)
  3 water moccasins
  4 porcupines
  5 orc warriors
  A sky beast (D:8)
  8 black bears
  2 ice beasts
  An ogre (D:6)
  3 crocodiles
  2 centaurs
  2 bullfrogs
  5 big kobolds
  A gnoll sergeant (D:9)
  A scorpion (D:8)
  4 wights (D:10)
  3 crimson imps
  6 orc priests
  3 orc wizards
  A bullfrog skeleton (D:10)
  An iguana (D:7)
  2 worker ants (D:10)
  2 adders
  9 gnolls
  2 shadow imps
  15 orcs
  2 jackals (D:9)
  11 kobolds
135 creatures vanquished.

Vanquished Creatures (others)
  A scorpion (D:7)
  4 fungi
  A plant (Lair:3)
6 creatures vanquished.

Grand Total: 323 creatures vanquished

Notes
Turn   | Place    | Note
-------+----------+-------------------------------------------
     0 | D:1      | RedPan the Draconian Ice Elementalist began the quest for
                  | the Orb.
     0 | D:1      | Reached XP level 1. HP: 14/14 MP: 3/3
   336 | D:1      | Reached XP level 2. HP: 16/20 MP: 0/5
  1024 | D:2      | Reached XP level 3. HP: 17/26 MP: 0/7
  1754 | D:2      | Reached XP level 4. HP: 20/33 MP: 4/8
  2834 | D:3      | Noticed Grinder
  2894 | D:3      | Reached XP level 5. HP: 17/38 MP: 4/10
  3333 | D:3      | Noticed Terence
  3351 | D:3      | Learned a level 4 spell: Summon Ice Beast
  3356 | D:3      | Learned a level 4 spell: Throw Icicle
  3386 | D:3      | Killed Terence
  3440 | D:3      | Paralysed by Grinder for 7 turns
  3448 | D:3      | Paralysed by Grinder for 2 turns
  3458 | D:3      | Killed Grinder
  3458 | D:3      | Reached skill level 5 in Ice Magic
  3458 | D:3      | Reached XP level 6. HP: 14/45 MP: 10/13
  4047 | D:4      | Reached skill level 5 in Spellcasting
  4900 | D:4      | Found a radiant altar of Vehumet.
  4900 | D:4      | Found a burning altar of Makhleb.
  4912 | D:4      | Reached skill level 1 in Summonings
  4912 | D:4      | Your scales start taking on a glossy black colour.
  4912 | D:4      | Reached XP level 7. HP: 38/50 MP: 12/14
  4912 | D:4      | Gained mutation: You are resistant to electric shocks.
                  | (rElec) [Black Draconian growth]
  4918 | D:4      | Became a worshipper of Vehumet
  5004 | D:5      | Entered Level 5 of the Dungeon
  5967 | D:5      | Reached * piety under Vehumet
  5967 | D:5      | Offered knowledge of Shock by Vehumet.
  5970 | D:5      | Learned a level 1 spell: Shock
  6021 | D:5      | Reached skill level 1 in Air Magic
  6021 | D:5      | Reached XP level 8. HP: 48/57 MP: 12/16
  6050 | D:5      | Found an ornate altar of the Wu Jian Council.
  6431 | D:5      | Reached skill level 2 in Air Magic
  6734 | D:6      | Reached skill level 3 in Air Magic
  6781 | D:6      | Reached skill level 5 in Summonings
  6959 | D:6      | Reached skill level 1 in Fighting
  7061 | D:6      | Found Paosedoj's Weapon Emporium.
  7253 | D:6      | Noticed Eustachio
  7267 | D:6      | Killed Eustachio
  7267 | D:6      | Offered knowledge of Sting by Vehumet.
  7267 | D:6      | Reached skill level 4 in Air Magic
  7499 | D:7      | Reached ** piety under Vehumet
  7695 | D:7      | Found a hide-covered altar of Uskayaw.
  7698 | D:7      | Found a stormy altar of Qazlal.
  7701 | D:7      | Found a glowing golden altar of the Shining One.
  7852 | D:7      | Found a staircase to the Ecumenical Temple.
  8271 | D:8      | Found a staircase to the Lair.
  8273 | D:8      | Noticed a hippogriff
  8299 | D:8      | Reached XP level 9. HP: 52/68 MP: 13/19
  8626 | D:8      | Reached skill level 5 in Air Magic
  8707 | D:8      | Offered knowledge of Searing Ray by Vehumet.
  8746 | D:8      | Noticed a two-headed ogre
  8760 | D:8      | Killed a two-headed ogre
  9094 | D:8      | Reached *** piety under Vehumet
  9099 | D:8      | Reached skill level 6 in Air Magic
  9202 | D:8      | Noticed a two-headed hydra
  9209 | D:8      | Killed a two-headed hydra
  9518 | D:9      | Found a huge runed translucent gate.
  9518 | D:9      | Found a huge runed translucent gate.
  9518 | D:9      | Found a huge runed translucent gate.
  9518 | D:9      | Noticed a manticore
  9519 | D:9      | Noticed a polar bear
  9533 | D:9      | Found a huge runed translucent gate.
  9713 | D:9      | Reached XP level 10. HP: 76/78 MP: 5/21
  9872 | D:9      | Offered knowledge of Airstrike by Vehumet.
  9878 | D:9      | Learned a level 4 spell: Airstrike
  9907 | D:9      | Reached skill level 5 in Conjurations
  9913 | D:9      | Found a bloodstained altar of Trog.
 10412 | D:9      | Reached skill level 7 in Air Magic
 10899 | D:9      | Killed a manticore
 10901 | D:9      | Reached skill level 8 in Air Magic
 10909 | D:9      | HP: 2/78 [black bear (6)]
 10910 | D:9      | Reached **** piety under Vehumet
 11325 | D:9      | Reached skill level 5 in Dodging
 11438 | D:10     | Entered Level 10 of the Dungeon
 11444 | D:10     | Found a bloodstained altar of Trog.
 11537 | D:10     | Offered knowledge of Fireball by Vehumet.
 12172 | D:10     | Found a shadowy altar of Dithmenos.
 12355 | D:10     | Reached skill level 9 in Air Magic
 12595 | Lair:1   | Entered Level 1 of the Lair of Beasts
 12699 | Lair:1   | Noticed a spiny frog
 12712 | Lair:1   | Killed a spiny frog
 12717 | Lair:1   | Reached ***** piety under Vehumet
 12717 | Lair:1   | Offered knowledge of Lightning Bolt by Vehumet.
 12724 | Lair:1   | Reached XP level 11. HP: 78/84 MP: 7/24
 12728 | Lair:1   | Noticed Prince Ribbit
 12733 | Lair:1   | Killed Prince Ribbit
 13029 | Lair:1   | Reached skill level 1 in Polearms
 13649 | Lair:1   | Noticed a six-headed hydra
 13676 | Lair:1   | Killed a six-headed hydra
 14375 | Lair:2   | Reached skill level 10 in Air Magic
 15272 | Lair:2   | Found a hole to the Spider Nest.
 16079 | Lair:2   | HP: 4/84 [poisoned by a spiny frog]
 16080 | Lair:2   | Gained mutation: You tend to lose your temper in combat.
                  | [potion of mutation]
 16080 | Lair:2   | Gained mutation: You have a pair of small antennae on your
                  | head. [potion of mutation]
 16080 | Lair:2   | Gained mutation: You are clumsy. (Dex -2) [potion of
                  | mutation]
 16080 | Lair:2   | Gained mutation: Your mind is acute. (Int +2) [potion of
                  | mutation]
 16081 | Lair:2   | Mangled by a spiny frog

Levels and vault maps discovered:
D:1:      eino_arrival_cavern_e, layout_basic
D:2:      layout_basic
D:3:      layout_basic, uniq_terence, uniq_grinder
D:4:      layout_loops_ring, grunt_temple_overflow_lords_of_destruction,
          first_ration
D:5:      layout_gridville, basic_altar, minmay_misc_feat_cross,
          minmay_statues_item
D:6:      layout_cave_pools, serial_shops, shop_statue, uniq_eustachio
D:7:      layout_loops_ring, grunt_temple_overflow_diamond,
          minmay_temple_entry_slanted
D:8:      layout_cave_pools, lair_entry_dummy, hangedman_ranch
          [blue_anna_fruit_fields], kennysheep_another_room
D:9:      lemuel_bear_cage, layout_loops_ring, trog_ov_bears_minmay,
          nicolae_sextant
D:10:     layout_grid_maze, basic_altar, st_stairs_5, minmay_misc_feat_columns,
          nicolae_dithmenos_shadow_blocks
D:11:     layout_roguey, minmay_strange_pillars, evilmike_butchery
Lair:1:   layout_cave_pods, uniq_prince_ribbit2
Lair:2:   layout_cave_pods, spider_nest_entry_a, grunt_megastairs_2,
          lemuel_fruit_fields
Lair:3:   layout_small_grid, swamp_mist, infiniplex_staircase_pool, uniq_urug

Skill      XL: |  1  2  3  4  5  6  7  8  9 10 11 |
---------------+----------------------------------+-----
Spellcasting   | 3 4 5 6 7 9 |  9.3
Ice Magic      | 4 5 6 |  6.0
Summonings     | 1 4 5 |  5.0
Air Magic      | 1 4 6 9 10 | 10.4
Fighting       | 2 4 |  4.0
Conjurations   | 2 4 5 |  5.1
Dodging        | 3 5 7 |  7.0
Polearms       | 3 |  3.8
Stealth        | |  1.7

Action                   |  1- 3 |  4- 6 |  7- 9 | 10-12 || total
-------------------------+-------+-------+-------+-------++-------
Melee: Unarmed           |    15 |       |       |       ||    15
       Whip              |    45 |       |       |       ||    45
       Tailslap          |     5 |     3 |    19 |    23 ||    50
       Hand axe          |       |    60 |       |       ||    60
       Trident           |       |    64 |   229 |   256 ||   549
 Cast: Freeze            |    46 |    62 |    93 |       ||   201
       Summon Ice Beast  |       |     1 |    48 |   120 ||   169
       Shock             |       |       |       |     9 ||     9
  Use: Scroll            |       |     6 |     8 |     4 ||    18
       Potion            |       |     6 |       |     3 ||     9
 Stab: Sleeping          |       |     5 |     5 |     5 ||    15
       Distracted        |       |       |       |     7 ||     7
  Eat: Chunk             |     3 |    10 |    22 |    24 ||    59
       Ration            |       |       |       |     2 ||     2
Armor: Skin              |    53 |    78 |   126 |    99 ||   356
Dodge: Dodged            |    85 |   153 |   219 |   316 ||   773

Table legend:
 A = Non-vault XP
 B = Vault XP
 C = Vault XP percentage of total XP
 D = Non-vault monster count
 E = Vault monster count
 F = Vault count percentage of total count
                 A         B        C        D         E       F
            +---------+---------+-------+---------+---------+-------
      Total |   10618 |    5887 |  35.7 |     279 |      39 |  12.3
            +---------+---------+-------+---------+---------+-------
        D:1 |      62 |       0 |   0.0 |      21 |       0 |   0.0
        D:2 |     113 |       0 |   0.0 |      24 |       0 |   0.0
        D:3 |     155 |     303 |  66.2 |      37 |       2 |   5.1
        D:4 |      86 |      50 |  36.8 |       9 |       1 |  10.0
        D:5 |     927 |       0 |   0.0 |      32 |       0 |   0.0
        D:6 |     640 |     128 |  16.7 |      15 |       1 |   6.2
        D:7 |     169 |       0 |   0.0 |      11 |       0 |   0.0
        D:8 |    1596 |    1184 |  42.6 |      31 |       8 |  20.5
        D:9 |     626 |    2860 |  82.0 |      26 |      19 |  42.2
       D:10 |    1287 |      17 |   1.3 |      39 |       1 |   2.5
     Lair:1 |    2425 |     847 |  25.9 |      13 |       5 |  27.8
     Lair:2 |    2129 |     498 |  19.0 |      17 |       2 |  10.5
     Lair:3 |     403 |       0 |   0.0 |       4 |       0 |   0.0
            +---------+---------+-------+---------+---------+-------
